 Dungeon Crawl Stone Soup version 0.23-a0-121-g4413648 (webtiles) character file.

540 Amnesiac the Gusty (level 7, 0/46 HPs)
             Began as a Mummy Air Elementalist on Aug 25, 2018.
             Slain by Duvessa
             ... wielding a +0 short sword
              (3 damage)
             ... on level 5 of the Dungeon.
             The game lasted 00:05:29 (2790 turns).

Amnesiac the Gusty (Mummy Air Elementalist)         Turns: 2790, Time: 00:05:30

Health: 0/46       AC:  2    Str: 12    XL:     7   Next: 5%
Magic:  4/15       EV: 12    Int: 16    God:
Gold:   113        SH:  0    Dex: 12    Spells: 5/17 levels left

rFire    x . .     SeeInvis .   b - +1 hunting sling
rCold    + . .     Gourm    .   (no shield)
rNeg     + + +     Faith    .   a - +0 robe
rPois    ∞         Spirit   .   (no helmet)
rElec    .         Reflect  .   (no cloak)
rCorr    .         Harm     .   (no gloves)
MR       .....                  (no boots)
Stlth    ++........             (no amulet)
HPRegen  0.15/turn              (no ring)
MPRegen  0.14/turn              (no ring)

@: swift, very quick
A: no food or potions, fire vulnerability, cold resistance 1, negative energy
resistance 3, torment resistance, unbreathing
a: no special abilities


You were on level 5 of the Dungeon.
You were not hungry.

You visited 1 branch of the dungeon, and saw 5 of its levels.

You collected 113 gold pieces.

Inventory:

Hand Weapons
 b - a +1 hunting sling (weapon)
Missiles
 c - 26 stones
 e - 11 sling bullets (quivered)
Armour
 a - a +0 robe (worn)
Scrolls
 d - a scroll of fog {!r, unknown}
 f - a scroll of enchant weapon {!r}
 g - a scroll of remove curse {!r}


   Skills:
 - Level 1.5 Dodging
 - Level 1.5 Stealth
 + Level 5.6 Spellcasting
 - Level 0.7 Conjurations
 * Level 5.7 Air Magic


You had 5 spell levels left.
You knew the following spells:

 Your Spells              Type           Power        Failure   Level  Hunger
a - Shock                 Conj/Air       ##..         3%          1    N/A
b - Lightning Bolt        Conj/Air       ##........   71%         5    N/A
d - Airstrike             Air            ###.......   13%         4    N/A
z - Swiftness             Chrm/Air       ##......     7%          2    N/A

Your spell library contained the following spells:

 Spells                   Type           Power        Failure   Level  Hunger
 Static Discharge         Conj/Air       ##......     12%         3    N/A

Dungeon Overview and Level Annotations

Branches:
Dungeon (5/15)
 Temple: D:4-7

Altars:

Annotations:
D:2 passwall/dig
D:4 exclusion: kobold
D:5 Duvessa


Innate Abilities, Weirdness & Mutations

You do not eat or drink.
Your flesh is vulnerable to fire.
You are immune to poison.
Your flesh is cold resistant. (rC+)
You are immune to negative energy. (rN+++)
You are immune to unholy pain and torment.
You can survive without breathing.


Message History

Aim: Dowan, wielding a dagger and wearing a robe (resting)
The air twists around and strikes Dowan!
Dowan is heavily wounded.
Duvessa, Sister of Dowan comes into view.
She is wielding a short sword.
Casting: Airstrike (safe; 14% risk of failure)
Confirm with . or Enter, or press ? or * to list all spells.
Aiming: Airstrike (safe; 14% risk of failure)
Press: ? - help, Dir - move target cursor, f/p - Dowan
Aim: Dowan, wielding a dagger and wearing a robe (heavily wounded)
The air twists around and strikes Dowan!
Dowan is severely wounded.
Dowan gestures at you while chanting. The puff of flame misses you.
Dowan casts a spell.
Dowan blinks!
Dowan hits you but does no damage.
Casting: Airstrike (safe; 14% risk of failure)
Confirm with . or Enter, or press ? or * to list all spells.
Aiming: Shock (safe; 4% risk of failure)
Press: ? - help, Shift-Dir - straight line, f/p - Dowan
Aim: Dowan, wielding a dagger and wearing a robe (severely wounded)
The zap hits Duvessa.
Duvessa is lightly wounded.
The zap misses Dowan. x2; The zap hits Duvessa.
Duvessa is lightly wounded.
Duvessa says, "My weaknesses are his strengths!"
Duvessa hits you but does no damage.
Unknown command.
Casting: Shock (safe; 4% risk of failure)
Confirm with . or Enter, or press ? or * to list all spells.
Aiming: Shock (safe; 4% risk of failure)
Press: ? - help, Shift-Dir - straight line, f/p - Dowan
Aim: Dowan, wielding a dagger and wearing a robe (severely wounded)
The zap hits Duvessa.
Duvessa is lightly wounded.
The zap misses Dowan.
The zap hits Dowan.
You kill Dowan!
Duvessa screams, "No!
How DARE you!"
Duvessa goes berserk!
You have reached level 7!
The zap hits Duvessa.
Duvessa is lightly wounded.
Duvessa hits you with a short sword!
Casting: Shock (safe; 3% risk of failure)
Confirm with . or Enter, or press ? or * to list all spells.
You feel quick. Duvessa hits you with a short sword!
Duvessa closely misses you.
Duvessa rages.
Really read
h - a scroll labeled TAYGITT REAL {!r}?
As you read the scroll labeled TAYGITT REAL {!r}, it crumbles to dust.
It is a scroll of identify.
g - a scroll of remove curse {!r} Duvessa hits you with a short sword!
* * * LOW HITPOINT WARNING * * *
Duvessa hits you with a short sword.
* * * LOW HITPOINT WARNING * * *
Really read
f - 2 scrolls labeled MUCZESTUNWE {!r}?
As you read the scroll labeled MUCZESTUNWE {!r}, it crumbles to dust.
It is a scroll of enchant weapon.
Your +0 hunting sling glows red for a moment.
Duvessa hits you with a short sword!
* * * LOW HITPOINT WARNING * * *
Duvessa hits you with a short sword.
You die...

#.#######.#
#.)....##.#
######.##.#
#.##.#
###.##.#
#......#
#.#.####
####.#e#
#....@.#
#.##.###
#.# #.# #.#
#.#.# #.#.#
#.#.# #.#.#


You could see Duvessa (berserk).

Vanquished Creatures
  Sigmund (D:4)
  A phantom (D:5)
  Dowan (D:5)
  A crimson imp (D:5)
  A jelly (D:2)
  2 worker ants (D:4)
  8 adders
  An ooze (D:1)
  2 worms
  3 dart slugs
  9 orcs (D:4)
  2 giant cockroaches
  2 goblins
  3 hobgoblins (D:1)
  2 jackals (D:4)
  2 quokkas
  2 ball pythons
  4 bats (D:2)
  5 kobolds
  5 rats
57 creatures vanquished.

Notes
Turn   | Place    | Note
-------+----------+-------------------------------------------
     0 | D:1      | Amnesiac the Mummy Air Elementalist began the quest for the Orb.
     0 | D:1      | Reached XP level 1. HP: 13/13 MP: 4/4
   141 | D:1      | Reached XP level 2. HP: 19/19 MP: 5/5
   156 | D:1      | Learned a level 2 spell: Swiftness
   590 | D:1      | Reached XP level 3. HP: 21/24 MP: 0/7
   754 | D:2      | Reached XP level 4. HP: 21/30 MP: 5/9
   976 | D:2      | Learned a level 4 spell: Airstrike
  1365 | D:4      | Reached XP level 5. HP: 28/35 MP: 5/11
  1580 | D:4      | Noticed Sigmund
  1630 | D:4      | Killed Sigmund
  1630 | D:4      | Reached skill level 5 in Spellcasting
  1630 | D:4      | Reached skill level 5 in Air Magic
  1630 | D:4      | Reached XP level 6. HP: 29/41 MP: 3/13
  1640 | D:4      | Learned a level 5 spell: Lightning Bolt
  2336 | D:5      | Entered Level 5 of the Dungeon
  2769 | D:5      | Noticed Dowan
  2771 | D:5      | Noticed Duvessa
  2779 | D:5      | Killed Dowan
  2779 | D:5      | Reached XP level 7. HP: 46/46 MP: 5/15
  2790 | D:5      | Slain by Duvessa

Vault maps used:
D:1:      roderic_crossed_star
D:2:      minmay_surrounded
D:3:      serial_glass, glass_columns_c, glass_columns_a,
          uniq_crazy_yiuf_cottage, uniq_grinder
D:4:      kennysheep_kobold_camp, uniq_sigmund
D:5:      first_ration, uniq_menkaure, uniq_edmund, uniq_duvessa

Skill      XL: |  1  2  3  4  5 |
---------------+----------------+-----
Air Magic      | 3 4 5 |  5.7
Spellcasting   | 3 4 5 |  5.6
Dodging        | |  1.5
Stealth        | |  1.5
Conjurations   | |  0.7

Action                   |  1- 3 |  4- 6 |  7- 9 || total
-------------------------+-------+-------+-------++-------
 Fire: Hunting sling     |    45 |    83 |       ||   128
 Cast: Shock             |    25 |    49 |     1 ||    75
       Airstrike         |       |     8 |       ||     8
       Swiftness         |       |       |     1 ||     1
  Use: Scroll            |       |       |     2 ||     2
Armor: Robe              |    11 |     7 |       ||    18
Dodge: Dodged            |    21 |    55 |     1 ||    77

Table legend:
 A = Non-vault XP
 B = Vault XP
 C = Vault XP percentage of total XP
 D = Non-vault monster count
 E = Vault monster count
 F = Vault count percentage of total count
                 A         B        C        D         E       F
            +---------+---------+-------+---------+---------+-------
      Total |     440 |     332 |  43.0 |      54 |       3 |   5.3
            +---------+---------+-------+---------+---------+-------
        D:1 |      44 |       0 |   0.0 |      16 |       0 |   0.0
        D:2 |      46 |      42 |  47.7 |      12 |       1 |   7.7
        D:3 |       1 |       0 |   0.0 |       1 |       0 |   0.0
        D:4 |     164 |     223 |  57.6 |      21 |       1 |   4.5
        D:5 |     185 |      67 |  26.6 |       4 |       1 |  20.0
            +---------+---------+-------+---------+---------+-------
